 Dungeon Sprint DCSS version 0.21.1-1-g345015f (webtiles) character file.

413 wojtek the Severer (level 6, -10/51 HPs)
             Began as a Minotaur Berserker on Mar 21, 2018.
             Was an Elder of Trog.
             Killed from afar by a burning bush (13 damage)
             ... with a puff of flame
             ... in the Dungeon (Sprint IV: "Fedhas' Mad Dash").
             The game lasted 00:02:17 (1167 turns).

wojtek the Severer (Minotaur Berserker)             Turns: 1167, Time: 00:02:19

Health: -10/51     AC:  2    Str: 24    XL:     6   Next: 59%
Magic:  5/5        EV: 12    Int:  4    God:    Trog [****..]
Gold:   79         SH:  0    Dex:  9    Spells: 5/5 levels left

rFire    . . .     SeeInvis .   a - +0 hand axe
rCold    . . .     Gourm    .   (no shield)
rNeg     . . .     Faith    .   b - +0 animal skin
rPois    .         Spirit   .   (helmet restricted)
rElec    .         Reflect  .   (no cloak)
rCorr    .         Harm     .   (no gloves)
MR       .....     NoTele   +   (no boots)
Stlth    +.........             k - amulet of invisibility {+Inv}
HPRegen  0.17/turn              (no ring)
MPRegen  0.09/turn              (no ring)

@: lethally poisoned (-10 -> -12), starving
A: retaliatory headbutt, horns 2
a: Berserk, Trog's Hand, Brothers in Arms, Burn Spellbooks, Renounce Religion,
Evoke Invisibility


You were in the Dungeon.
You worshipped Trog.
Trog was greatly pleased with you.
You were starving.

You visited 1 branch You collected 79 gold pieces.

Inventory:

Hand Weapons
 a - a +0 hand axe (weapon)
Armour
 b - a +0 animal skin (worn)
 j - a +0 ring mail
Jewellery
 k - the amulet of invisibility (around neck) {+Inv}
   (You found it in the Dungeon)

   [amulet of nothing]

   It lets you turn invisible.
Scrolls
 i - a scroll of blinking
Potions
 d - a potion of curing
 e - a potion of heal wounds
 f - a potion of haste
 g - 2 potions of magic
 h - a potion of berserk rage


   Skills:
 - Level 3.6 Fighting
 + Level 16.2 Axes
 - Level 2.4 Armour
 - Level 2.1 Dodging


You had 5 spell levels left.
You didn't know any spells.

Dungeon Overview and Level Annotations

Branches:
Dungeon (1/1)

Altars:
Cheibriados
Dithmenos
Elyvilon
Gozag
Hepliaklqana
Kikubaaqudgha
Makhleb
Nemelex Xobeh
Okawaru
Qazlal
Ru
Sif Muna
Trog
Uskayaw
Vehumet
Wu Jian
Xom
Yredelemnul
Zin
The Shining One
Beogh
Jiyva
Lugonu

Shops:
D }!


Innate Abilities, Weirdness & Mutations

You reflexively headbutt those who attack you in melee.
You have a pair of horns on your head.


Message History

You hit the burning bush.
You headbutt the burning bush, but do no damage.
The burning bush is moderately damaged.
You feel sick. The burning bush throws fire at you. The puff of flame hits you!
* * * LOW HITPOINT WARNING * * *
You're too hungry.
You hit the burning bush. You headbutt the burning bush.
The burning bush is heavily damaged.
You hit the burning bush but do no damage.
You headbutt the burning bush.
The burning bush is heavily damaged.
You hit the burning bush but do no damage.
The burning bush is heavily damaged.
* * * LOW HITPOINT WARNING * * *
You feel sick. The burning bush throws fire at you. The puff of flame hits you!
You die...

###################
_._.⌠.#..')..#....#
._._..'..#)..#...P+
_._...#..###'##.@!#
._._..#.(##∩∩.'...#
_._.⌠.#############
#######


You could see a burning bush.

Vanquished Creatures
  A wandering mushroom (D)
  2 scorpions (D)
  3 oklob saplings (D)
  A worker ant (D)
  2 spriggans (D)
  A river rat (D)
  A rat (D)
11 creatures vanquished.

Vanquished Creatures (others)
  A wandering mushroom (D)
1 creature vanquished.

Grand Total: 12 creatures vanquished

Notes
Turn   | Place    | Note
-------+----------+-------------------------------------------
     0 | D        | wojtek the Minotaur Berserker began the quest for the Orb.
     0 | D        | Reached XP level 1. HP: 19/19 MP: 0/0
     7 | D        | Reached skill level 6 in Axes
     7 | D        | Reached XP level 2. HP: 26/26 MP: 1/1
    56 | D        | Noticed an oklob sapling
    57 | D        | Killed an oklob sapling
    57 | D        | Reached ** piety under Trog
    57 | D        | Reached skill level 8 in Axes
    57 | D        | Reached XP level 3. HP: 31/31 MP: 2/2
    92 | D        | Reached skill level 9 in Axes
    94 | D        | Found the amulet of invisibility {+Inv}
   131 | D        | Found an opulent altar of Gozag.
   131 | D        | Found a hazy altar of Hepliaklqana.
   131 | D        | Found a burning altar of Makhleb.
   131 | D        | Found a roughly hewn altar of Beogh.
   131 | D        | Found a sparkling altar of Nemelex Xobeh.
   131 | D        | Found a snail-covered altar of Cheibriados.
   131 | D        | Found a sacrificial altar of Ru.
   131 | D        | Found a deep blue altar of Sif Muna.
   131 | D        | Found a shimmering altar of Xom.
   131 | D        | Found a basalt altar of Yredelemnul.
   132 | D        | Found a viscous altar of Jiyva.
   132 | D        | Found a bloodstained altar of Trog.
   132 | D        | Found an ornate altar of the Wu Jian Council.
   132 | D        | Noticed an oklob sapling priest
   133 | D        | Found an iron altar of Okawaru.
   133 | D        | Found a glowing silver altar of Zin.
   133 | D        | Found a shadowy altar of Dithmenos.
   134 | D        | Found a hide-covered altar of Uskayaw.
   134 | D        | Found an ancient bone altar of Kikubaaqudgha.
   135 | D        | Found a stormy altar of Qazlal.
   135 | D        | Found a glowing golden altar of the Shining One.
   135 | D        | Found a white marble altar of Elyvilon.
   136 | D        | Found a radiant altar of Vehumet.
   136 | D        | Found a corrupted altar of Lugonu.
   144 | D        | Killed an oklob sapling priest
   144 | D        | Reached skill level 11 in Axes
   144 | D        | Reached XP level 4. HP: 29/39 MP: 1/3
   228 | D        | Reached *** piety under Trog
   228 | D        | Reached skill level 12 in Axes
   228 | D        | Reached XP level 5. HP: 45/45 MP: 4/4
   274 | D        | Reached skill level 13 in Axes
   278 | D        | Reached skill level 14 in Axes
   378 | D        | Found Telaej's Distillery.
   379 | D        | Found Mamuaf's Gadget Emporium.
   385 | D        | Noticed a burning bush
   385 | D        | Noticed a wandering mushroom
   542 | D        | Noticed a wandering mushroom
  1078 | D        | Killed a wandering mushroom
  1078 | D        | Reached skill level 15 in Axes
  1078 | D        | Reached XP level 6. HP: 40/51 MP: 5/5
  1150 | D        | Reached **** piety under Trog
  1150 | D        | Reached skill level 16 in Axes
  1167 | D        | Killed from afar by a burning bush

Skill      XL: |  1  2  3  4  5  6 |
---------------+-------------------+-----
Axes           | 6 8 11 12 15 16 | 16.2
Fighting       | |  3.6
Armour         | |  2.4
Dodging        | |  2.1

Action                   |  1- 3 |  4- 6 || total
-------------------------+-------+-------++-------
Melee: Hand axe          |    10 |    42 ||    52
       Headbutt          |     5 |    16 ||    21
Invok: Berserk           |     3 |     3 ||     6
 Abil: Evoke Invisibilit |     1 |     1 ||     2
 Stab: Invisible         |     2 |     1 ||     3
       Sleeping          |     1 |     1 ||     2
  Eat: Chunk             |       |     2 ||     2
       Ration            |       |     1 ||     1
Armor: Animal skin       |       |     1 ||     1
Dodge: Dodged            |     4 |    11 ||    15
